 Dungeon Crawl Stone Soup version 0.28.0 (webtiles) character file.

Game seed: 5204139126620776343

9 AmazingTV the Grasshopper (level 2, -1/15 HPs)
             Began as a Spriggan Warper on Mar 23, 2024.
             Slain by a hobgoblin (4 damage)
             ... on level 1 of the Dungeon.
             The game lasted 00:01:25 (855 turns).

AmazingTV the Grasshopper (Spriggan Warper)          Turns: 855, Time: 00:01:26

Health: -1/15      AC:  2    Str:  7    XL:     2   Next: 6%
Magic:  6/6        EV: 17    Int: 14    God:
Gold:   46         SH:  0    Dex: 14    Spells: 6/6 levels left

rFire   x . .      SeeInvis +   a - +0 short sword {short}
rCold   + . .      Faith    .   (no shield)
rNeg    . . .      Spirit   .   b - +0 robe
rPois   .          Reflect  .   (helmet restricted)
rElec   .          Harm     .   (no cloak)
rCorr   .          Rampage  .   (gloves unavailable)
Will    .....                   (boots unavailable)
Stlth   ++........              (no amulet)
HPRegen 0.05/turn               g - ring of ice
MPRegen 0.10/turn               (no ring)

@: very quick
A: very small, no large weapons, unfitting armour, see invisible, speed 3
a: no special abilities


You were on level 1 of the Dungeon.
You visited 1 branch of the dungeon, and saw 1 of its levels.

You collected 46 gold pieces.


Innate Abilities, Weirdness & Mutations

You are very small and have problems with some larger weapons.
You are too small for most types of armour.
You have supernaturally acute eyesight. (SInv)
You cover ground extremely quickly. (Speed+++)


   Skills:
 + Level 1.6 Fighting
 + Level 2.3 Short Blades
 + Level 1.1 Throwing
 + Level 3.4 Dodging
 + Level 0.8 Stealth
 + Level 2.9 Spellcasting
 + Level 4.4 Translocations


You had 6 spell levels left.
You didn't know any spells.
Your spell library contained the following spells:

 Spells                   Type           Power      Damage    Failure   Level
 Blink                    Tloc           28%        N/A       5%          2
 Gell's Gravitas          Tloc           14%        N/A       11%         3
 Lesser Beckoning         Tloc           14%        N/A       11%         3
 Teleport Other           Tloc           14%        N/A       11%         3
 Manifold Assault         Tloc           14%        N/A       67%         5

Inventory:

Hand Weapons
 a - a +0 short sword (weapon) {short}
Missiles
 d - 5 boomerangs of dispersal (quivered) {=f!f}
 f - 22 stones
 h - 3 boomerangs
Armour
 b - a +0 robe (worn)
Jewellery
 g - a ring of ice (left hand)
   (You found it on level 1 of the Dungeon)
Scrolls
 c - a scroll of blinking {!r}
 e - a scroll of magic mapping {unknown}

Dungeon Overview and Level Annotations

Branches:
Dungeon (1/15)

Altars:

.............##
............$.#
..............#
..............#
............#
..........#
#######.#......#
.#.#.#.#.#.#.#.b@....#
..............##.g..##
....#..........######
......#.......##
...#....#......#
..........#...##
..#.#.#.#...#..#
..............##
.#..#.<.#..#...#


You could see a hobgoblin and a bat.


Message History

You closely miss the hobgoblin. The frilled lizard closely misses you.
The hobgoblin misses you.
You hit the hobgoblin but do no damage. The frilled lizard barely misses you.
The hobgoblin barely misses you.
You closely miss the hobgoblin. The frilled lizard bites you.
The hobgoblin misses you. 😕 HP[-1]
You take 1 damage, and now have 9/10 hp.
You hit the hobgoblin.
You kill the hobgoblin!
The frilled lizard hisses.
The frilled lizard barely misses you.
You miss the frilled lizard. The frilled lizard barely misses you.
You hit the frilled lizard.
You kill the frilled lizard!
You see here a frilled lizard corpse.
You now have 37 gold pieces (gained 8).
f - 22 stones A kobold comes into view. It is wielding a +0 short sword.
The kobold shouts! 😎 HP[+1]
Your hp is fully restored (10).
You closely miss the kobold.
The kobold hits you with a +0 short sword. 😮 HP[-3]
You take 3 damage, and now have 7/10 hp.
MASSIVE DAMAGE!! (PAUSE)
You hit the kobold.
You kill the kobold!
You see here a +0 short sword {short}.
Found a faded altar of an unknown god. 😎 HP[+3]
Your hp is fully restored (10).
g - a ring of ice You feel more attuned to ice.
g - a ring of ice (left hand)
Found a stone staircase leading down.
There is a stone staircase leading down here.
An endoplasm and a bat come into view.
The helpless endoplasm fails to defend itself.
You hit the endoplasm. The endoplasm freezes you.
You are frozen.
You resist.
You barely miss the endoplasm. The endoplasm completely misses you.
You hit the endoplasm but do no damage. The endoplasm closely misses you.
You hit the endoplasm.
You kill the endoplasm! 😎 HP[+1]
You now have 11 max hp (+1).
Your hp is fully restored (11).
The helpless bat fails to defend itself.
You hit the bat.
You kill the bat!
You have reached level 2! 😎 HP[+4] MP[+1]
You now have 15 max hp (+4).
Your hp is fully restored (15).
Your mp is fully restored (6).
You see here a bat corpse.
Found a stone staircase leading down.
There is a stone staircase leading down here.
You now have 46 gold pieces (gained 9).
There is a faded altar of an unknown god here.
You see here a -3 whip {mace}.
h - 3 boomerangs A rat comes into view.
The rat barely misses you.
You hit the rat but do no damage. The rat barely misses you.
You hit the rat.
You kill the rat!
You see here a rat corpse.
You see here a rat corpse.
A hobgoblin comes into view.
A bat comes into view.
The helpless hobgoblin fails to defend itself.
You hit the hobgoblin. The hobgoblin hits you. 😕 HP[-3]
You take 3 damage, and now have 12/15 hp.
You closely miss the hobgoblin. The bat completely misses you.
The hobgoblin misses you.
You hit the hobgoblin but do no damage. The hobgoblin closely misses you.
You hit the hobgoblin but do no damage. The bat closely misses you.
The hobgoblin hits you. 😮 HP[-3]
You take 3 damage, and now have 9/15 hp.
You barely miss the hobgoblin. The bat barely misses you.
The hobgoblin hits you. 😮 HP[-1]
You take 1 damage, and now have 8/15 hp.
You barely miss the hobgoblin. The bat barely misses you.
The hobgoblin misses you.
You hit the hobgoblin but do no damage. The bat hits you but does no damage.
The hobgoblin misses you.
You barely miss the hobgoblin.
The bat misses you. x2; The hobgoblin hits you.
* * * LOW HITPOINT WARNING * * *
😨 HP[-4]
You take 4 damage, and now have 4/15 hp.
MASSIVE DAMAGE!! (PAUSE)
You barely miss the hobgoblin. The bat hits you.
* * * LOW HITPOINT WARNING * * *
The hobgoblin hits you.
You die...

Action                   || total
-------------------------++-------
Melee: Short sword       ||    45
 Stab: Sleeping          ||     3
Armor: Robe              ||     9
Dodge: Dodged            ||    45

Levels and vault maps discovered:
D:1:      co_arrival_square_in_a_square_in_a_square, layout_rooms,
          ebering_ecumenical_altar_rust

Notes
Turn   | Place    | Note
-------+----------+-------------------------------------------
     0 | D:1      | AmazingTV the Spriggan Warper began the quest for the Orb.
     0 | D:1      | Reached XP level 1. HP: 10/10 MP: 5/5
     0 | D:1      | magus.rc [v1.9.6]
    34 | D:1      | HP: 2/10 [rat (1)]
    40 | D:1      | HP: 1/10 [bat (1)]
   638 | D:1      | Found a faded altar of an unknown god.
   673 | D:1      | Reached XP level 2. HP: 15/15 MP: 6/6
   855 | D:1      | HP: 3/15 [bat (1)]
   855 | D:1      | Slain by a hobgoblin

Vanquished Creatures
  2 endoplasms (D:1)
  A hobgoblin (D:1)
  2 bats (D:1)
  A frilled lizard (D:1)
  A kobold (D:1)
  3 rats (D:1)
10 creatures vanquished.

Table legend:
 A = Non-vault XP
 B = Vault XP
 C = Vault XP percentage of total XP
 D = Non-vault monster count
 E = Vault monster count
 F = Vault count percentage of total count
                 A         B        C        D         E       F
            +---------+---------+-------+---------+---------+-------
      Total |      14 |       0 |   0.0 |      10 |       0 |   0.0
            +---------+---------+-------+---------+---------+-------
        D:1 |      14 |       0 |   0.0 |      10 |       0 |   0.0
            +---------+---------+-------+---------+---------+-------

Illustrated notes

Table legend:
 A = Kills in this place as a percentage of kills in entire the game.
 B = Kills by you in this place as a percentage of kills by you in the entire game.
 C = Kills by friends in this place as a percentage of kills by friends in the entire game.
 D = Other kills in this place as a percentage of other kills in the entire game.
 E = Experience gained in this place as a percentage of experience gained in the entire game.
 F = Experience gained in this place divided by the number of levels of this place that you have seen.
                   A       B       C       D       E      F
               +-------+-------+-------+-------+-------+----------------------
         Total | 100.0 | 100.0 |   N/A |   N/A | 100.0 |  14.0
       Dungeon | 100.0 | 100.0 |   N/A |   N/A | 100.0 |  14.0
               +-------+-------+-------+-------+-------+----------------------

Table legend: (Time is in decaauts)
 A = Elapsed time spent in this place.
 B = Non-inter-level travel time spent in this place.
 C = Inter-level travel time spent in this place.
 D = Time resting spent in this place.
 E = Time spent auto-exploring this place.
 F = Levels seen in this place.
 G = Mean time per level.
                   A        B        C        D        E       F      G
               +--------+--------+--------+--------+--------+-----+--------+
         Total |    738 |    738 |      0 |    268 |    401 |   1 |  738.0 |
       Dungeon |    738 |    738 |      0 |    268 |    401 |   1 |  738.0 |
               +--------+--------+--------+--------+--------+-----+--------+

Top non-repeatable levels by time:
     D:1: 738 daAuts
